| TOP OF THE 1ST |
|
Pittsfield Colonials batting - Pitching for Pawtucket Paw Sox : RHP Al Gallegos
|
|
Pitching: RHP Al Gallegos
|
|
|
Batting: RHB Henry Cotto
|
0-0: Ball 1-0: Swinging Strike 1-1: DOUBLE (Flyball, 8LD, EV 95.6 MPH)
|
|
Batting: LHB Mike Kingery
|
0-0: Swinging Strike 0-1: Swinging Strike 0-2: Ball 1-2: Fly out, F8 (Line Drive, 8LD, EV 91.9 MPH)
|
|
Batting: LHB Lenny Dykstra
|
0-0: Ball 1-0: Ball 2-0: Foul Ball, location: 2F 2-1: Ball 3-1: Base on Balls
|
|
Batting: LHB Tom Beyers
|
0-0: Ball 1-0: SINGLE (Groundball, 56D, EV 105.0 MPH) Henry Cotto to third Lenny Dykstra to second Runner from 3rd tries for Home, SAFE, throw by LF to home
|
|
Batting: RHB Raymond Borucki
|
0-0: Called Strike 0-1: Ball Tom Beyers is caught stealing 2nd base 2-4 Lenny Dykstra steals 3rd base 1-1: Foul Ball, location: 2F 1-2: Foul Ball, location: 2F 1-2: Foul Ball, location: 2F 1-2: Ground out 4-3 (Groundball, 4, EV 99.4 MPH)
|
| Top of the 1st over - 1 run, 2 hits, 0 errors, 1 left on base; Pittsfield 1 - Pawtucket 0 |
| BOTTOM OF THE 1ST |
|
Pawtucket Paw Sox batting - Pitching for Pittsfield Colonials : RHP Rickey Keeton
|
|
Pitching: RHP Rickey Keeton
|
|
|
Batting: LHB Steven Garcia
|
0-0: Ball 1-0: Foul Ball, location: 2F 1-1: Foul Ball, location: 2F 1-2: DOUBLE (Line Drive, 9LS, EV 100.6 MPH)
|
|
Batting: SHB Gary Weiss
|
0-0: Called Strike 0-1: Ball 1-1: Foul Ball, location: 2F 1-2: Foul Ball, location: 2F 1-2: Ball 2-2: Ball 3-2: Ground out 6-3 (Groundball, 6M, EV 90.6 MPH) Steven Garcia to third
|
|
Batting: LHB Jeff Stone
|
0-0: Called Strike 0-1: Ground out 1-3 (Groundball, 34S, EV 84.4 MPH)
|
|
Batting: SHB Orestes Destrade
|
0-0: Swinging Strike 0-1: Ball 1-1: DOUBLE (Line Drive, 9LM, EV 91.9 MPH) Steven Garcia scores
|
|
Batting: RHB Brick Smith
|
0-0: Ground out 6-3 (Groundball, 6, EV 105.0 MPH)
|
| Bottom of the 1st over - 1 run, 2 hits, 0 errors, 1 left on base; Pittsfield 1 - Pawtucket 1 |
| TOP OF THE 2ND |
|
Pittsfield Colonials batting - Pitching for Pawtucket Paw Sox : RHP Al Gallegos
|
|
Batting: LHB James Wojcik
|
0-0: Ball 1-0: Swinging Strike 1-1: Ball 2-1: Ball 3-1: Base on Balls
|
|
Batting: RHB Bob Melvin
|
0-0: Swinging Strike 0-1: Ground out 3-1 (Groundball, 34S, EV 86.3 MPH) James Wojcik to second
|
|
Batting: RHB Guillermo Montiel
|
0-0: Foul Ball, location: 2F 0-1: Called Strike 0-2: Ball 1-2: Ball 2-2: Ball 3-2: Strikes out swinging
|
|
Batting: RHB Juan Castro
|
0-0: Foul Ball, location: 2F 0-1: Foul Ball, location: 2F 0-2: Strikes out swinging
|
| Top of the 2nd over - 0 runs, 0 hits, 0 errors, 1 left on base; Pittsfield 1 - Pawtucket 1 |
| BOTTOM OF THE 2ND |
|
Pawtucket Paw Sox batting - Pitching for Pittsfield Colonials : RHP Rickey Keeton
|
|
Batting: SHB Phil Ouellette
|
0-0: Called Strike 0-1: Ball 1-1: Ball 2-1: Ball 3-1: Base on Balls
|
|
Batting: RHB Shooty Babitt
|
0-0: Ball 1-0: SINGLE (Line Drive, 89S, EV 101.9 MPH) Phil Ouellette to second
|
|
Batting: RHB Gordy Hodgson
|
0-0: Called Strike 0-1: Ball 1-1: Ball 2-1: Foul Ball, location: 2F 2-2: Ground out 5-3 (Groundball, 56S, EV 67.5 MPH) Phil Ouellette to third Shooty Babitt to second
|
|
Batting: RHB Lenny Faedo
|
0-0: Fly out, F8 (Flyball, 8RM, EV 88.8 MPH) Runner from 3rd tags up, SCORES, throw by CF Shooty Babitt to third
|
|
Batting: LHB Steven Garcia
|
0-0: Swinging Strike 0-1: Called Strike 0-2: Ball 1-2: Fly out, F8 (Line Drive, 8RD, EV 89.4 MPH)
|
| Bottom of the 2nd over - 1 run, 1 hit, 0 errors, 1 left on base; Pittsfield 1 - Pawtucket 2 |
| TOP OF THE 3RD |
|
Pittsfield Colonials batting - Pitching for Pawtucket Paw Sox : RHP Al Gallegos
|
|
Batting: RHB Henry Cotto
|
0-0: Ball 1-0: Swinging Strike 1-1: Fly out, F8 (Line Drive, 8LM, EV 89.4 MPH)
|
|
Batting: LHB Mike Kingery
|
0-0: Fly out, F8 (Flyball, 78D, EV 103.1 MPH)
|
|
Batting: LHB Lenny Dykstra
|
0-0: Ball 1-0: Ball 2-0: Called Strike 2-1: Ball 3-1: Called Strike 3-2: Ground out 4-3 (Groundball, 4, EV 86.3 MPH)
|
| Top of the 3rd over - 0 runs, 0 hits, 0 errors, 0 left on base; Pittsfield 1 - Pawtucket 2 |
| BOTTOM OF THE 3RD |
|
Pawtucket Paw Sox batting - Pitching for Pittsfield Colonials : RHP Rickey Keeton
|
|
Batting: SHB Gary Weiss
|
0-0: Ball 1-0: Fly out, F8 (Flyball, 8LM, EV 89.4 MPH)
|
|
Batting: LHB Jeff Stone
|
0-0: Ground out U3 (Groundball, 3, EV 105.6 MPH)
|
|
Batting: SHB Orestes Destrade
|
0-0: Ball 1-0: Ball 2-0: Fly out, F8 (Flyball, 8RS, EV 93.8 MPH)
|
| Bottom of the 3rd over - 0 runs, 0 hits, 0 errors, 0 left on base; Pittsfield 1 - Pawtucket 2 |
| TOP OF THE 4TH |
|
Pittsfield Colonials batting - Pitching for Pawtucket Paw Sox : RHP Al Gallegos
|
|
Batting: LHB Tom Beyers
|
0-0: Fly out, F8 (Flyball, 89M, EV 88.8 MPH)
|
|
Batting: RHB Raymond Borucki
|
0-0: Called Strike 0-1: Ball 1-1: Swinging Strike 1-2: Strikes out swinging
|
|
Batting: LHB James Wojcik
|
0-0: Ball 1-0: Foul Ball, location: 2F 1-1: Foul Ball, location: 2F 1-2: Ball 2-2: Ball 3-2: Foul Ball, location: 2F 3-2: Fly out, F7 (Flyball, 78M, EV 88.8 MPH)
|
| Top of the 4th over - 0 runs, 0 hits, 0 errors, 0 left on base; Pittsfield 1 - Pawtucket 2 |
| BOTTOM OF THE 4TH |
|
Pawtucket Paw Sox batting - Pitching for Pittsfield Colonials : RHP Rickey Keeton
|
|
Batting: RHB Brick Smith
|
0-0: Called Strike 0-1: DOUBLE (Line Drive, 7LS, EV 111.3 MPH)
|
|
Batting: SHB Phil Ouellette
|
0-0: Ball 1-0: SINGLE (Line Drive, 78S, EV 103.8 MPH) Brick Smith to third Runner from 3rd tries for Home, SAFE, throw by LF to home
|
|
Batting: RHB Shooty Babitt
|
0-0: Ball 1-0: DOUBLE (Line Drive, 89XD, EV 107.5 MPH) Phil Ouellette to third
|
|
Batting: RHB Gordy Hodgson
|
0-0: Swinging Strike 0-1: Ball 1-1: Ball 2-1: Swinging Strike 2-2: Ball 3-2: Strikes out swinging, 2-3 out at first.
|
|
Batting: RHB Lenny Faedo
|
0-0: Ball 1-0: Called Strike 1-1: Called Strike 1-2: Ball 2-2: Ball 3-2: Strikes out swinging
|
|
Batting: LHB Steven Garcia
|
0-0: Ball 1-0: Called Strike 1-1: Ball 2-1: Fly out, F8 (Flyball, 78D, EV 86.3 MPH)
|
| Bottom of the 4th over - 1 run, 3 hits, 0 errors, 2 left on base; Pittsfield 1 - Pawtucket 3 |
| TOP OF THE 5TH |
|
Pittsfield Colonials batting - Pitching for Pawtucket Paw Sox : RHP Al Gallegos
|
|
Batting: RHB Bob Melvin
|
0-0: Called Strike 0-1: DOUBLE (Line Drive, 89D, EV 109.4 MPH)
|
|
Batting: RHB Guillermo Montiel
|
0-0: Ball 1-0: SINGLE (Flyball, 34D, EV 89.4 MPH) Bob Melvin to third
|
|
Batting: RHB Juan Castro
|
0-0: Fly out, F9 (Line Drive, 9, EV 98.8 MPH)
|
|
Batting: RHB Henry Cotto
|
0-0: Ball 1-0: Foul Ball, location: 2F 1-1: Ball 2-1: Foul Ball, location: 2F 2-2: Ball Guillermo Montiel is caught stealing 2nd base 2-4 3-2: Foul Ball, location: 2F 3-2: Foul Ball, location: 2F 3-2: Ground out 6-3 (Groundball, 6, EV 106.3 MPH)
|
| Top of the 5th over - 0 runs, 2 hits, 0 errors, 1 left on base; Pittsfield 1 - Pawtucket 3 |
| BOTTOM OF THE 5TH |
|
Pawtucket Paw Sox batting - Pitching for Pittsfield Colonials : RHP Rickey Keeton
|
|
Batting: SHB Gary Weiss
|
0-0: Ball 1-0: Fly out, F8 (Flyball, 78XD, EV 103.1 MPH)
|
|
Batting: LHB Jeff Stone
|
0-0: Called Strike 0-1: Ground out 4-3 (Groundball, 4, EV 79.4 MPH)
|
|
Batting: SHB Orestes Destrade
|
0-0: Ball 1-0: Fly out, F7 (Flyball, 78D, EV 100.6 MPH)
|
| Bottom of the 5th over - 0 runs, 0 hits, 0 errors, 0 left on base; Pittsfield 1 - Pawtucket 3 |
| TOP OF THE 6TH |
|
Pittsfield Colonials batting - Pitching for Pawtucket Paw Sox : RHP Al Gallegos
|
|
Batting: LHB Mike Kingery
|
0-0: Called Strike 0-1: Foul Ball, location: 2F 0-2: Strikes out looking
|
|
Batting: LHB Lenny Dykstra
|
0-0: Foul Ball, location: 2F 0-1: Ball 1-1: TRIPLE (Flyball, 8RXD, EV 87.5 MPH)
|
|
Batting: LHB Tom Beyers
|
0-0: Ball 1-0: Foul Ball, location: 2F 1-1: Fly out, F7 (Flyball, 78S, EV 89.4 MPH)
|
|
Batting: RHB Raymond Borucki
|
0-0: Called Strike 0-1: Ball 1-1: Ground out 6-3 (Groundball, 6, EV 102.5 MPH)
|
| Top of the 6th over - 0 runs, 1 hit, 0 errors, 1 left on base; Pittsfield 1 - Pawtucket 3 |
| BOTTOM OF THE 6TH |
|
Pawtucket Paw Sox batting - Pitching for Pittsfield Colonials : RHP Rickey Keeton
|
|
Batting: RHB Brick Smith
|
0-0: Ball 1-0: Ball 2-0: Foul Ball, location: 2F 2-1: Fly out, F8 (Flyball, 8RS, EV 91.3 MPH)
|
|
Batting: SHB Phil Ouellette
|
0-0: Ball 1-0: Foul Ball, location: 2F 1-1: Foul Ball, location: 2F 1-2: Ball 2-2: Ball 3-2: Foul Ball, location: 2F 3-2: Ground out 4-3 (Groundball, 4, EV 103.1 MPH)
|
|
Batting: RHB Shooty Babitt
|
0-0: Ground out 6-3 (Groundball, 6, EV 83.1 MPH)
|
| Bottom of the 6th over - 0 runs, 0 hits, 0 errors, 0 left on base; Pittsfield 1 - Pawtucket 3 |
| TOP OF THE 7TH |
|
Pittsfield Colonials batting - Pitching for Pawtucket Paw Sox : RHP Al Gallegos
|
|
Batting: LHB James Wojcik
|
0-0: Called Strike 0-1: Swinging Strike 0-2: Reached on error, E1 (Groundball, 34S, EV 76.9 MPH)
|
|
Batting: RHB Bob Melvin
|
0-0: Ball 1-0: Fly out, F9 (Flyball, 89M, EV 83.8 MPH)
|
|
Batting: RHB Guillermo Montiel
|
0-0: Ball 1-0: Ball James Wojcik is caught stealing 3rd base 2-5 2-0: Ball 3-0: Called Strike 3-1: Base on Balls
|
|
Batting: RHB Juan Castro
|
0-0: SINGLE (Groundball, 4MD, EV 101.9 MPH) Guillermo Montiel to second Runner from 2nd tries for 3rd, OUT! 8-5
|
| Top of the 7th over - 0 runs, 1 hit, 1 error, 1 left on base; Pittsfield 1 - Pawtucket 3 |
| BOTTOM OF THE 7TH |
|
Pawtucket Paw Sox batting - Pitching for Pittsfield Colonials : RHP Rickey Keeton
|
|
Batting: RHB Gordy Hodgson
|
0-0: Ball 1-0: Fly out, F4 (Popup, 3DF, EV 53.1 MPH)
|
|
Batting: RHB Lenny Faedo
|
0-0: Called Strike 0-1: Ball 1-1: Foul Ball, location: 2F 1-2: Ball 2-2: Ball 3-2: Ground out 5-3 (Groundball, 5L, EV 103.8 MPH)
|
|
Batting: LHB Steven Garcia
|
0-0: Fly out, F7 (Flyball, 7D, EV 87.5 MPH)
|
| Bottom of the 7th over - 0 runs, 0 hits, 0 errors, 0 left on base; Pittsfield 1 - Pawtucket 3 |
| TOP OF THE 8TH |
|
Pittsfield Colonials batting - Pitching for Pawtucket Paw Sox : RHP Al Gallegos
|
|
Batting: RHB Henry Cotto
|
0-0: Ball 1-0: Ground out 4-3 (Groundball, 4M, EV 106.9 MPH)
|
|
Batting: LHB Mike Kingery
|
0-0: Swinging Strike 0-1: Ball 1-1: Called Strike 1-2: Fly out, F8 (Flyball, 8LS, EV 93.1 MPH)
|
|
Batting: LHB Lenny Dykstra
|
0-0: Ball 1-0: Ball 2-0: Called Strike 2-1: Ball 3-1: Base on Balls
|
|
Batting: LHB Tom Beyers
|
0-0: Ball 1-0: Ground out 6-3 (Groundball, 6D, EV 103.1 MPH)
|
| Top of the 8th over - 0 runs, 0 hits, 0 errors, 1 left on base; Pittsfield 1 - Pawtucket 3 |
| BOTTOM OF THE 8TH |
|
Pawtucket Paw Sox batting - Pitching for Pittsfield Colonials : RHP Rickey Keeton
|
|
Batting: SHB Gary Weiss
|
0-0: Ball 1-0: Swinging Strike 1-1: Ball 2-1: Fly out, F8 (Flyball, 8LXD, EV 109.4 MPH)
|
|
Batting: LHB Jeff Stone
|
0-0: Ball 1-0: Called Strike 1-1: Ground out 6-3 (Groundball, 6, EV 79.4 MPH)
|
|
Batting: SHB Orestes Destrade
|
0-0: Ball 1-0: Ground out 1-3 (Groundball, 13S, EV 66.9 MPH)
|
| Bottom of the 8th over - 0 runs, 0 hits, 0 errors, 0 left on base; Pittsfield 1 - Pawtucket 3 |
| TOP OF THE 9TH |
|
Pittsfield Colonials batting - Pitching for Pawtucket Paw Sox : RHP Al Gallegos
|
|
Pitching: RHP Mike Baldwin
|
|
|
Batting: RHB Raymond Borucki
|
0-0: Foul Ball, location: 2F 0-1: Ball 1-1: Foul Ball, location: 2F 1-2: Foul Ball, location: 2F 1-2: Foul Ball, location: 2F 1-2: Foul Ball, location: 2F 1-2: Ground out 5-3 (Groundball, 56, EV 101.9 MPH)
|
|
Batting: LHB James Wojcik
|
0-0: Ball 1-0: Foul Ball, location: 2F 1-1: Foul Ball, location: 2F 1-2: Ball 2-2: SINGLE (Flyball, 8RS, EV 89.4 MPH)
|
|
Batting: RHB Bob Melvin
|
0-0: Fly out, F9 (Flyball, 9D, EV 108.1 MPH)
|
|
Batting: RHB Guillermo Montiel
|
0-0: Ball 1-0: Ball 2-0: Called Strike 2-1: Ground out 4-3 (Groundball, 4, EV 93.8 MPH)
|
| Top of the 9th over - 0 runs, 1 hit, 0 errors, 1 left on base; Pittsfield 1 - Pawtucket 3 |
|